 Dungeon Crawl Stone Soup version 0.20.1-1-g8b1a95d (webtiles) character file.

15741 wyrdjoy the Executioner (level 12, 0/135 HPs)
             Began as a Minotaur Berserker on July 20, 2017.
             Was a High Priest of Trog.
             Slain by an adder (2 damage)
             ... on level 12 of the Dungeon.
             The game lasted 00:33:04 (14648 turns).

wyrdjoy the Executioner (Minotaur Berserker)       Turns: 14648, Time: 00:33:04

Health: 0/135      AC: 13    Str: 33    XL:     12   Next: 3%
Magic:  11/11      EV:  8    Int:  4    God:    Trog [*****.]
Gold:   604        SH:  0    Dex: 12    Spells: 11/11 levels left

rFire    . . .     SeeInvis .   a - +2 hand axe (flame)
rCold    . . .     Gourm    .   (no shield)
rNeg     . . .     Faith    .   G - +0 plate armour
rPois    .         Spirit   .   (helmet restricted)
rElec    .         Reflect  .   F - +1 cloak
rCorr    .         Harm     .   (no gloves)
MR       .....                  (no boots)
Stlth    ..........             j - amulet of regeneration
Regen    0.8/turn               z - ring of stealth
MPRegen  0.2/turn               K - +3 ring of strength

@: berserking, very quick
A: retaliatory headbutt, horns 2, blurry vision 1
a: Berserk, Trog's Hand, Brothers in Arms, Burn Spellbooks, Renounce Religion


You were on level 12 of the Dungeon.
You worshipped Trog.
Trog was extremely pleased with you.
You were hungry.

You visited 2 branches of the dungeon, and saw 13 of its levels.
You also visited: Labyrinth.

You collected 604 gold pieces.

Inventory:

Hand Weapons
 a - a +2 hand axe of flaming (weapon)
 H - a +3 antimagic battleaxe
 L - the +5 hunting sling of Yfyfoah {velocity, rN+}
   (You took it off a minotaur in a labyrinth)

   Any stone fired from it inflicts extra damage.
   It protects you from negative energy.
Armour
 F - a +1 cloak (worn)
 G - a +0 plate armour (worn)
 S - the +2 ring mail of the Butterfly {*Contam rPois rC+ MR+}
   (You found it in a labyrinth)

   It protects you from cold.
   It protects you from poison.
   It affects your resistance to hostile enchantments.
   It causes magical contamination when unequipped.
Jewellery
 j - an amulet of regeneration (around neck)
 z - a ring of stealth (left hand)
 K - a +3 ring of strength (right hand)
Wands
 n - a wand of flame (16/48)
 o - a wand of disintegration (16/24)
 v - a wand of lightning (4/15)
 y - a wand of flame (28/48)
 E - a wand of random effects (36/48)
 M - a wand of digging (9/24)
 N - a wand of polymorph (13/24)
 P - a wand of polymorph (7/24)
 Q - a wand of paralysis (13/24)
Scrolls
 d - a scroll of enchant armour
 e - 4 scrolls of remove curse
 f - a scroll of recharging
 g - a scroll of identify
 i - 3 scrolls of blinking
 p - a scroll of fear
 q - 2 scrolls of teleportation
 s - 6 scrolls of magic mapping
 t - a scroll of enchant weapon
 x - a scroll of acquirement {unknown}
 B - a scroll of fog
 O - a scroll of amnesia
Potions
 h - 3 potions of cancellation
 l - 4 potions of flight
 m - 5 potions of heal wounds
 r - a potion of haste
 w - 2 potions of mutation
 A - 4 potions of curing
 C - a potion of resistance
 D - a potion of agility
 I - 4 potions of might {unknown}
Comestibles
 b - 9 meat rations
 c - 10 bread rations
 k - 7 fruits
 u - 13 royal jellies
 J - 3 chunks of flesh


   Skills:
 - Level 3.6 Fighting
 + Level 21.1 Axes
 - Level 2.4 Armour
 - Level 2.1 Dodging


You had 11 spell levels left.
You didn't know any spells.

Dungeon Overview and Level Annotations

Branches:
Dungeon (12/15)            Temple (1/1) D:6            Lair (0/6) D:10
    Orc (0/2) D:12

Altars:
Makhleb
Okawaru
Ru
The Shining One

Shops:
D:8 =   D:9 %   D:10 %


Innate Abilities, Weirdness & Mutations

You reflexively headbutt those who attack you in melee.
You have a pair of horns on your head.
Scrolls take you a little longer to read.


Message History

The white ugly thing barely misses you.
An adder comes into view.
The adder hisses angrily.
You slash the white ugly thing! You burn the white ugly thing.
The white ugly thing is moderately wounded.
You slash the white ugly thing! You burn the white ugly thing.
Your headbutt misses the white ugly thing.
The white ugly thing is heavily wounded.
The white ugly thing pecks you!
* * * LOW HITPOINT WARNING * * *
The white ugly thing freezes you!!
* * * LOW HITPOINT WARNING * * *
You slash the white ugly thing! You burn the white ugly thing.
You headbutt the white ugly thing.
The white ugly thing is almost dead.
You slash the white ugly thing! You burn the white ugly thing.
You kill the white ugly thing!
Trog accepts your kill. The adder bites you.
You die...

#..... #..... #...>.
#(.... ####.....
#........
#########.##.....
#.###....##...##.....
#..S@....'....##.....
#####....##...#######
#....##...#
#######...# #####


You could see an adder.

Vanquished Creatures
  A minotaur (Lab)
  3 two-headed ogres
  An unseen horror (D:11)
  An ugly thing (D:12)
  The ghost of AverageBear the Slicer, a novice DEFi (D:6)
  3 trolls
  A hornet (D:10)
  3 slime creatures (D:12)
  7 hippogriffs
  10 yaks (D:11)
  5 wraiths
  A basilisk (D:11)
  The ghost of Ruich the Grave Robber, an amateur DsNe (D:4)
  A steam dragon (D:10)
  2 soldier ants (D:10)
  An acid dragon (D:12)
  A water moccasin (D:9)
  An ice beast (D:12)
  2 eyes of draining (D:11)
  6 orc warriors
  2 sky beasts
  2 necrophages (D:9)
  6 ogres
  2 centaurs
  2 phantoms
  A crocodile (D:8)
  3 big kobolds
  6 bullfrogs
  A wyvern zombie (D:8)
  A wyvern skeleton (D:11)
  A water moccasin skeleton (D:4)
  11 killer bees (D:10)
  2 scorpions
  7 wights
  A howler monkey (D:6)
  3 crimson imps
  2 centaur zombies
  2 bullfrog zombies
  8 hounds
  A quasit (D:5)
  3 bullfrog skeletons
  10 orc priests
  8 jellies
  A centaur skeleton (D:4)
  4 iguanas
  Ijyb (D:3)
  8 orc wizards
  12 worker ants
  2 hound zombies
  A hound skeleton (D:4)
  A mummy (D:9)
  2 worker ant zombies
  A howler monkey skeleton (D:6)
  11 adders
  2 shadow imps
  An adder zombie (D:6)
  3 worms
  2 dart slugs (D:1)
  2 leopard geckos
  49 orcs
  2 ball pythons
  2 giant cockroaches
  7 goblins
  7 hobgoblins
  11 jackals
  17 kobolds
  2 quokkas
  5 bats
  6 frilled lizards
  A quokka zombie (D:5)
  10 rats
310 creatures vanquished.

Notes
Turn   | Place    | Note
-------+----------+-------------------------------------------
     0 | D:1      | wyrdjoy the Minotaur Berserker began the quest for the Orb.
     0 | D:1      | Reached XP level 1. HP: 19/19 MP: 0/0
    41 | D:1      | Reached skill level 4 in Axes
    59 | D:1      | Reached XP level 2. HP: 24/26 MP: 1/1
   441 | D:1      | Reached skill level 5 in Axes
   545 | D:1      | Reached XP level 3. HP: 20/31 MP: 2/2
   666 | D:2      | Reached ** piety under Trog
  1528 | D:3      | Reached XP level 4. HP: 38/39 MP: 3/3
  1576 | D:3      | Found a sacrificial altar of Ru.
  1586 | D:3      | Reached skill level 6 in Axes
  2094 | D:3      | Noticed Ijyb
  2103 | D:3      | Killed Ijyb
  2103 | D:3      | Reached skill level 7 in Axes
  2103 | D:3      | Reached XP level 5. HP: 11/45 MP: 4/4
  2502 | D:4      | Noticed Ruich's ghost (amateur DsNe)
  2519 | D:4      | Reached skill level 8 in Axes
  2522 | D:4      | Killed Ruich's ghost
  2522 | D:4      | Reached XP level 6. HP: 13/51 MP: 5/5
  2555 | D:4      | Reached skill level 9 in Axes
  2839 | D:4      | Reached XP level 7. HP: 57/57 MP: 6/6
  3048 | D:4      | Found a transporter.
  3056 | D:4      | Reached skill level 10 in Axes
  3088 | D:4      | Found a transporter.
  3352 | D:5      | Entered Level 5 of the Dungeon
  3562 | D:5      | Reached skill level 11 in Axes
  3677 | D:5      | Reached *** piety under Trog
  3944 | D:5      | Reached XP level 8. HP: 62/64 MP: 7/7
  4281 | D:6      | Found a staircase to the Ecumenical Temple.
  4327 | Temple   | Entered the Ecumenical Temple
  4426 | D:6      | Reached skill level 12 in Axes
  5009 | D:6      | Reached skill level 13 in Axes
  5274 | D:6      | Noticed AverageBear's ghost (novice DEFi)
  5303 | D:6      | Killed AverageBear's ghost
  5627 | D:6      | Reached XP level 9. HP: 53/70 MP: 8/8
  5795 | D:6      | Reached skill level 14 in Axes
  6315 | D:6      | Reached **** piety under Trog
  7153 | D:8      | Found Deowyjoo's Jewellery Boutique.
  7672 | D:8      | Reached skill level 15 in Axes
  8137 | D:9      | Noticed a troll
  8149 | D:9      | Killed a troll
  8149 | D:9      | Reached skill level 16 in Axes
  8324 | D:9      | Reached XP level 10. HP: 70/77 MP: 9/9
  8653 | D:9      | Found Xedorous's Food Boutique.
  8980 | D:9      | Noticed a two-headed ogre
  8985 | D:9      | Killed a two-headed ogre
  8985 | D:9      | Reached skill level 17 in Axes
  9128 | D:10     | Entered Level 10 of the Dungeon
  9128 | D:10     | Found Duakan's Food Shop.
  9160 | D:10     | Noticed a two-headed ogre
  9170 | D:10     | Killed a two-headed ogre
  9302 | D:10     | Reached skill level 18 in Axes
  9476 | D:10     | Reached ***** piety under Trog
  9666 | D:10     | Found a staircase to the Lair.
 10293 | D:10     | Reached XP level 11. HP: 31/82 MP: 10/10
 10727 | D:10     | Noticed a two-headed ogre
 10735 | D:10     | Killed a two-headed ogre
 10735 | D:10     | Reached skill level 19 in Axes
 11246 | D:11     | Received a gift from Trog
 11406 | D:11     | Found a labyrinth entrance.
 11413 | Lab      | Entered a labyrinth
 12883 | Lab      | Noticed a minotaur
 12892 | Lab      | Killed a minotaur
 12939 | Lab      | Got a smoking hunting sling
 12940 | Lab      | Identified the +5 hunting sling of Yfyfoah {velocity, rN+} (You took it off a minotaur in a labyrinth)
 12942 | Lab      | Got a translucent zirconium amulet
 12943 | Lab      | Got a distressingly furry robe
 12943 | Lab      | Got a tiger eye-encrusted ring mail
 12954 | Lab      | Identified the +1 robe "Namapumo" {+Blink} (You found it in a labyrinth)
 12964 | Lab      | Identified the +2 ring mail of the Butterfly {*Contam rPois rC+ MR+} (You found it in a labyrinth)
 12976 | Lab      | Identified the amulet "Xebat" {RegenMP Int+6 SInv} (You found it in a labyrinth)
 13016 | D:11     | Gained mutation: Scrolls take you a little longer to read. [mutagenic glow]
 13132 | D:11     | Killed an unseen horror
 13327 | D:11     | Reached skill level 20 in Axes
 14388 | D:12     | Reached skill level 21 in Axes
 14392 | D:12     | Reached XP level 12. HP: 32/90 MP: 11/11
 14549 | D:12     | Found a staircase to the Orcish Mines.
 14645 | D:12     | HP: 1/135 [white ugly thing (31)]
 14648 | D:12     | Slain by an adder

Skill      XL: |  1  2  3  4  5  6  7  8  9 10 11 |
---------------+----------------------------------+-----
Axes           | 4 5 7 8 9 11 13 16 18 21 | 21.1
Fighting       | |  3.6
Armour         | |  2.4
Dodging        | |  2.1

Action                   |  1- 3 |  4- 6 |  7- 9 | 10-12 || total
-------------------------+-------+-------+-------+-------++-------
Melee: Hand axe          |    71 |    57 |   364 |   502 ||   994
       Headbutt          |     9 |    11 |    84 |   115 ||   219
       Hunting sling     |       |       |       |     8 ||     8
       Battleaxe         |       |       |       |     2 ||     2
Invok: Berserk           |       |     3 |     6 |    14 ||    23
       Trog's Hand       |       |       |     1 |     1 ||     2
       Burn Spellbooks   |       |       |     1 |     3 ||     4
Evoke: Wand              |       |       |       |     1 ||     1
  Use: Scroll            |       |       |    19 |     7 ||    26
       Potion            |       |       |       |     2 ||     2
 Stab: Paralysed         |       |     2 |       |       ||     2
  Eat: Chunk             |     1 |     7 |    19 |    24 ||    51
       Meat ration       |       |       |     1 |       ||     1
       Fruit             |       |       |       |     2 ||     2
       Royal jelly       |       |       |       |     3 ||     3
Armor: Animal skin       |     8 |     5 |       |       ||    13
       Leather armour    |       |    12 |    44 |       ||    56
       Plate armour      |       |       |    65 |   216 ||   281
Dodge: Dodged            |    48 |    30 |   125 |   140 ||   343
